 Dungeon Crawl Stone Soup version 0.32-a0-999-gfa1cc04b1d (webtiles) character file.

Game seed: 18371939421457947251

2529 Cancer the Grappler (level 9, -4/58 HPs)
             Began as an Octopode Delver on Apr 24, 2024.
             Was an Initiate of Makhleb.
             Splashed by a jelly's acid (9 damage)
             ... on level 8 of the Dungeon.
             The game lasted 00:18:58 (6241 turns).

Cancer the Grappler (Octopode Delver)               Turns: 6241, Time: 00:18:59

Health: -4/58      AC: 11    Str: 15    XL:     9   Next: 54%
Magic:  9/9        EV: 13    Int: 12    God:    Makhleb [......]
Gold:   399        SH:  5    Dex: 14    Spells: 8/8 levels left

rFire   . . .        f - +7 staff of the Meek {protect, meekguard}
rCold   . . .        (shield currently unavailable)
rNeg    . . .        (helmet restricted)
rPois   .            k - amulet of reflection
rElec   .            (no ring)
rCorr   .            (no ring)
SInv    .            (no ring)
Will    .....        (no ring)
Stlth   +++++        (no ring)
HPRegen 0.29/turn    (no ring)
MPRegen 0.11/turn    (no ring)
                     (no ring)

%: reflection
@: corroded, under a protective aura
A: almost no armour, amphibious, 8 rings, camouflage 1, gelatinous body 1,
(nimble swimmer 1), tentacles
a: Renounce Religion


You were on level 8 of the Dungeon.
You worshipped Makhleb.
Makhleb was noncommittal.
You visited 2 branches of the dungeon, and saw 9 of its levels.
You also visited: Sewer and Ossuary.

You collected 399 gold pieces.

Inventory:

Hand Weapons
 f - the +7 staff of the Meek (weapon) {protect, meekguard}
   (You found it on level 4 of the Dungeon)
 u - a +4 short sword
Jewellery
 k - an amulet of reflection (around mantle)
 y - an amulet of magic regeneration
 H - an amulet of reflection
Wands
 e - a wand of digging (3)
 x - a wand of polymorph (4)
 B - a wand of paralysis (3)
Scrolls
 a - a scroll of fog
 b - 2 scrolls of revelation
 c - 4 scrolls of fear
 g - 5 scrolls of poison
 h - a scroll of enchant armour {unknown}
 i - 4 scrolls of teleportation
 m - a scroll of brand weapon {unknown}
 n - 3 scrolls of immolation {unknown}
 p - 4 scrolls of identify
 w - 3 scrolls of amnesia {unknown}
 A - a scroll of noise {unknown}
 D - a scroll of vulnerability {unknown}
 F - a scroll of enchant weapon {unknown}
Potions
 d - 8 potions of haste
 j - 3 potions of lignification {unknown}
 l - 4 potions of mutation {unknown}
 o - a potion of attraction {unknown}
 q - 4 potions of heal wounds {unknown}
 r - 4 potions of enlightenment {unknown}
 s - 8 potions of curing {unknown}
 t - a potion of invisibility {unknown}
 v - a potion of ambrosia {unknown}
 z - 4 potions of resistance {unknown}
 C - 4 potions of brilliance {unknown}
 E - a potion of degeneration {unknown}
 G - a potion of cancellation {unknown}


   Skills:
 - Level 4.0 Fighting
 - Level 4.0 Dodging
 - Level 10.0 Stealth
 + Level 10.7 Unarmed Combat
 - Level 1.0 Shapeshifting


You had 8 spell levels left.
You didn't know any spells.
Your spell library contained the following spells:

 Spells                   Type           Power      Damage    Failure   Level
 Freeze                   Ice            0%         1d3       32%         1
 Shock                    Conj/Air       0%         1d3       32%         1
 Frozen Ramparts          Ice            0%         1d1       69%         3
 Hailstorm                Conj/Ice       0%         3d5       69%         3
 Ozocubu's Armour         Ice            0%         N/A       69%         3
 Swiftness                Air            0%         N/A       69%         3
 Airstrike                Air            0%         2d(0-16)  97%         4
 Summon Blazeheart Golem  Fire/Summ      0%         N/A       97%         4
 Metabolic Englaciation   Hex/Ice        0%         N/A       100%        5
 Orb of Destruction       Conj           0%         9d5       100%        7
 Spellforged Servitor     Conj/Summ      0%         N/A       100%        7


Dungeon Overview and Level Annotations

Branches:
Dungeon (8/15)             Temple (1/1) D:6           Sewer (visited)
Ossuary (visited)
   Lair: D:8-11

Altars:
Cheibriados
Dithmenos
Fedhas
Gozag
Hepliaklqana
Kikubaaqudgha
Makhleb
Okawaru
Qazlal
Ru
Sif Muna
Uskayaw
Wu Jian
Xom
Yredelemnul
Zin
The Shining One

Annotations:
D:1 rev,pois
D:7 Joseph, Maurice


Innate Abilities, Weirdness & Mutations

You cannot wear most types of armour.
You are amphibious.
You can wear up to eight rings at the same time.
Your skin changes colour to match your surroundings (Stealth+).
Your rubbery body absorbs attacks. (AC +1, EV +1)
((You are camouflaged when in or above water. (Stealth+)))
You have tentacles for arms and can constrict up to eight enemies at once.


Message History

i - 4 scrolls of teleportation The wyvern is engulfed in poison gas.
The wyvern looks even sicker.
The bullfrog is engulfed in poison gas.
The bullfrog is poisoned.
The wyvern is engulfed in poison gas.
The wyvern looks even sicker.
The bullfrog is engulfed in poison gas.
The bullfrog looks even sicker.
The wyvern is engulfed in poison gas.
The wyvern looks as sick as possible!
The bullfrog is engulfed in poison gas.
The bullfrog looks even sicker.
The bullfrog is engulfed in poison gas.
The bullfrog looks as sick as possible!
The bullfrog hits you!
The orc wizard casts a spell.
The orc wizard flickers and vanishes!
You sock the jelly!
Your weapon exudes an aura of protection.
The acid corrodes you!
Your tentacles burn!
* * * LOW HITPOINT WARNING * * *
The jelly is moderately wounded.
The bullfrog is engulfed in poison gas.
The bullfrog looks as sick as possible!
The bullfrog hits you but does no damage.
The jelly misses you.
The bullfrog is engulfed in poison gas.
The bullfrog looks as sick as possible!
The bullfrog misses you.
The wyvern hisses angrily.
You hit the jelly.
Your tentacles burn!
* * * LOW HITPOINT WARNING * * *
The jelly is heavily wounded.
The bullfrog is engulfed in poison gas.
The bullfrog looks as sick as possible!
You kill the bullfrog!
Makhleb accepts your kill. The jelly closely misses you.
Unknown command.
You hit the jelly.
Your tentacles burn!
* * * LOW HITPOINT WARNING * * *
The jelly is severely wounded.
The jelly closely misses you.
A magic dart appears from out of thin air!
The magic dart hits you.
* * * LOW HITPOINT WARNING * * *
The jelly hits you.
* * * LOW HITPOINT WARNING * * *
You are splashed with acid!
You die...

##§####
'#☼○☼J@#
§☼.§{o☼##
k☼§o§§☼
§§§.{§§
§§§§☼§§
☼§§####
§§§ ##


You could see a wyvern (very poisoned), a jelly and 2 orcs.

Vanquished Creatures
  A steam dragon (D:7)
  Menkaure (D:7)
  Edmund (D:6)
  An orc warrior (D:7)
  2 ice beasts
  A black bear (D:7)
  An ogre (D:6)
  A centaur (D:6)
  A phantom (D:4)
  A kobold brigand (D:7)
  Blork the orc (D:6)
  2 bullfrogs (D:8)
  2 scorpions (D:5)
  2 wights (Ossuary)
  A crimson imp (D:3)
  A bombardier beetle (D:5)
  2 hounds (D:5)
  2 centaur skeletons (Ossuary)
  2 orc priests
  2 sleepcaps
  Jessica (D:2)
  4 iguanas
  6 orc wizards
  Terence (D:2)
  A crocodile zombie (Ossuary)
  11 mummies (Ossuary)
  Robin (D:4)
  3 gnolls (D:3)
  5 adders
  5 river rats (Sewer)
  2 dart slugs
  3 ribbon worms
  24 orcs
  6 bats
  11 endoplasms
  4 giant cockroaches
  9 hobgoblins
  6 quokkas
  14 ball pythons
  5 frilled lizards
  4 gnoll skeletons (Ossuary)
  21 goblins
  2 goblin skeletons (D:3)
  2 goblin zombies (D:3)
  3 hobgoblin zombies (D:3)
  22 kobolds
  2 kobold skeletons (D:3)
  6 orc skeletons
  30 rats
  10 spectral rats (Ossuary)
252 creatures vanquished.

Notes
Turn   | Place    | Note
-------+----------+-------------------------------------------
     0 | D:5      | Cancer the Octopode Delver began the quest for the Orb.
     0 | D:5      | Reached XP level 1. HP: 16/16 MP: 1/1
    25 | D:4      | Found the +7 staff of the Meek {protect, meekguard}
    43 | D:4      | Noticed Robin
    51 | D:4      | Noticed an iguana
    60 | D:4      | Killed an iguana
    61 | D:4      | Reached XP level 2. HP: 19/21 MP: 2/2
    61 | D:4      | Reached XP level 3. HP: 23/26 MP: 3/3
   125 | D:4      | Killed Robin
   166 | D:3      | Reached XP level 4. HP: 31/31 MP: 4/4
   336 | D:2      | Noticed Jessica
   342 | D:2      | Killed Jessica
   505 | D:2      | Reached XP level 5. HP: 36/36 MP: 5/5
  1419 | D:2      | Found a shimmering altar of Xom.
  1514 | D:2      | Noticed Terence
  1523 | D:2      | Killed Terence
  1524 | D:2      | Reached skill level 10 in Stealth
  1794 | D:3      | Found a glowing golden altar of the Shining One.
  1807 | D:3      | Reached skill level 1 in Shapeshifting
  1831 | D:3      | Reached XP level 6. HP: 42/42 MP: 6/6
  2142 | D:3      | Found a basalt altar of Yredelemnul.
  2477 | D:3      | Found a faded altar of an unknown god.
  2609 | D:4      | Reached XP level 7. HP: 48/48 MP: 7/7
  3304 | D:5      | Reached skill level 5 in Unarmed Combat
  3421 | D:5      | Found a stormy altar of Qazlal.
  3447 | D:5      | Reached XP level 8. HP: 54/54 MP: 8/8
  3719 | D:5      | Found a shimmering altar of Xom.
  3915 | D:6      | Found a glowing drain.
  3920 | Sewer    | Entered a sewer
  4287 | D:6      | Found a sand-covered staircase.
  4294 | Ossuary  | Entered an ossuary
  4858 | D:6      | Found a staircase to the Ecumenical Temple.
  4866 | Temple   | Entered the Ecumenical Temple
  4870 | Temple   | Became a worshipper of Makhleb the Destroyer
  4941 | D:6      | Noticed Blork the orc
  5316 | D:6      | Noticed Edmund
  5326 | D:6      | Killed Edmund
  5327 | D:6      | Reached XP level 9. HP: 40/58 MP: 9/9
  5328 | D:6      | Killed Blork the orc
  5865 | D:7      | Found a blossoming altar of Fedhas.
  5872 | D:7      | Noticed Menkaure
  5880 | D:7      | HP: 2/58 [Menkaure (17)]
  5882 | D:7      | Killed Menkaure
  5883 | D:7      | Reached skill level 10 in Unarmed Combat
  6146 | D:7      | Noticed Maurice
  6162 | D:7      | Noticed Joseph
  6241 | D:8      | Splashed by a jelly's acid

Illustrated notes

Levels and vault maps discovered:
D:1:      minmay_arrival_open_corners, layout_loops_ring
D:2:      minmay_chambers_of_twos, layout_loops_cross, basic_altar,
          minmay_circle_x, uniq_jessica, uniq_terence
D:3:      layout_basic, mainiacjoe_overflow_alcove_4,
          nicolae_tso_besieged_by_evil,
          dreamdust_ecumenical_altar_hidden_monk_grotto
D:4:      minmay_spotlight, layout_rooms, uniq_robin
D:5:      layout_basic, xom_teletrap_fun, grunt_qazlal_clouds
D:6:      layout_basic, minmay_temple_entry_large_hall,
          mainiacjoe_sewer_entry_somewhere_in_here_1,
          chequers_ossuary_entry_cave, uniq_blork_the_orc, uniq_edmund
D:7:      layout_loops_corners, nicolae_overflow_hidden_temple,
          chequers_serial_rivers_micro_c, uniq_menkaure, uniq_maurice,
          uniq_maggie, uniq_joseph
D:8:      layout_basic, amcnicky_altar_gilded, uniq_gastronok
Temple:   hellmonk_temple_two_chambers

Skill      XL: |  1  2  3  4  5  6  7  8  9 |
---------------+----------------------------+-----
Stealth        | 7 8 9 10 | 10.0
Shapeshifting  | 1 |  1.0
Dodging        | 4 |  4.0
Fighting       | 4 |  4.0
Unarmed Combat | 5 9 10 | 10.7

Action                     |  1- 3 |  4- 6 |  7- 9 || total
---------------------------+-------+-------+-------++-------
  Melee: Quarterstaff      |    32 |   136 |   244 ||   412
         Constrict         |     5 |    28 |    55 ||    88
         Tentacles         |     2 |    16 |    55 ||    73
    Use: Scroll            |       |       |     3 ||     3
   Stab: Sleeping          |     2 |    43 |    27 ||    72
         Distracted        |       |     1 |       ||     1
 Armour: Skin              |    32 |    48 |   133 ||   213
  Dodge: Dodged            |    22 |    61 |   137 ||   220
  Block: Other             |       |    13 |    49 ||    62
         Reflection        |       |       |     4 ||     4

Table legend: (Time is in decaauts)
 A = Elapsed time spent in this place.
 B = Non-inter-level travel time spent in this place.
 C = Inter-level travel time spent in this place.
 D = Time resting spent in this place.
 E = Time spent auto-exploring this place.
 F = Levels seen in this place.
 G = Mean time per level.
                   A        B        C        D        E       F      G
               +--------+--------+--------+--------+--------+-----+--------+
         Total |   6362 |   5738 |    624 |    298 |   3169 |  11 |  578.4 |
       Dungeon |   5578 |   4957 |    621 |    293 |   3087 |   8 |  697.2 |
        Temple |      8 |      5 |      3 |      0 |      0 |   1 |    8.0 |
         Sewer |    355 |    355 |      0 |      3 |      0 |   1 |  355.0 |
       Ossuary |    419 |    419 |      0 |      2 |     82 |   1 |  419.0 |
               +--------+--------+--------+--------+--------+-----+--------+

Top non-repeatable levels by time:
     D:6: 989 daAuts
     D:5: 950 daAuts
     D:3: 902 daAuts
     D:2: 864 daAuts
     D:1: 686 daAuts
     D:4: 595 daAuts
     D:7: 577 daAuts
 Ossuary: 419 daAuts
   Sewer: 355 daAuts
     D:8: 12 daAuts
  Temple: 8 daAuts
